 Dungeon Crawl Stone Soup version 0.30-a0-371-gad7725a93e (webtiles) character file.

Game seed: 156330470577339159

3381 Hopman the Cleaver (level 10, -3/90 (91) HPs)
             Began as a Hill Orc Fighter on Nov 20, 2022.
             Was an Elder of Okawaru.
             Slain by a basilisk (5 damage)
             ... while petrified by a basilisk
             ... on level 8 of the Dungeon.
             The game lasted 00:35:31 (7464 turns).

Hopman the Cleaver (Hill Orc Fighter)               Turns: 7464, Time: 00:35:32

HP:   -3/90 (91)    AC: 11    Str: 24    XL:     10   Next: 3%
MP:   13/13         EV:  2    Int: 14    God:    Okawaru [****..]
Gold: 323           SH:  0    Dex: 10    Spells: 9/9 levels left

rFire   + . .      SeeInvis .    a - +1 war axe
rCold   . . .      Faith    +    c - +0 buckler
rNeg    + + +      Spirit   .    s - +2 scale mail {rF+}
rPois   ∞          Reflect  .    r - +0 hat
rElec   .          Harm     .    C - scarf {+Inv}
rCorr   .          Rampage  .    (no gloves)
Will    .....                    u - +0 pair of boots
Stlth   ..........               A - amulet of faith
HPRegen 0.35/turn                k - +6 ring of intelligence
MPRegen 0.13/turn                (no ring)

@: petrified, studying Translocations, lightly drained
A: no striking features
a: Renounce Religion, Evoke Invisibility, Heroism, Finesse


You were on level 8 of the Dungeon.
You worshipped Okawaru.
Okawaru was greatly pleased with you.
You visited 2 branches of the dungeon, and saw 9 of its levels.
You also visited: Sewer.

You collected 467 gold pieces.
You spent 144 gold pieces at shops.

Inventory:

Hand Weapons
 a - a +1 war axe (weapon)
 m - a +1 antimagic short sword
 w - a +2 dagger of venom
 x - a +3 flail
 D - a +0 hand axe of flaming
Missiles
 d - 2 boomerangs
 h - a silver javelin
 j - 53 stones (quivered)
Armour
 c - a +0 buckler (worn)
 r - a +0 hat (worn)
 s - a +2 scale mail of fire resistance (worn)
 u - a +0 pair of boots (worn)
 C - a scarf of invisibility (worn)
Jewellery
 k - a +6 ring of intelligence (left hand)
 A - an amulet of faith (around neck)
Wands
 l - a wand of flame (17)
 B - a wand of charming (4)
 G - a wand of digging (6)
 H - a wand of mindburst (14)
Scrolls
 b - a scroll of magic mapping
 f - 2 scrolls of silence
 g - 4 scrolls of teleportation
 i - a scroll of identify
 n - a scroll of amnesia {unknown}
 o - 3 scrolls of fog
 q - a scroll of blinking {unknown}
 t - a scroll of enchant weapon
Potions
 p - a potion of brilliance
 v - a potion of ambrosia
 z - 2 potions of curing
 E - a potion of flight {unknown}
 F - a potion of lignification {unknown}
 J - a potion of might


   Skills:
 * Level 9.4 Fighting
 * Level 9.7 Axes
 + Level 4.2 Throwing
 + Level 6.5 Armour
 + Level 6.4 Shields
 + Level 4.6 Invocations


You had 9 spell levels left.
You didn't know any spells.
Your spell library contained the following spells:

 Spells                   Type           Power      Damage    Failure   Level
 Beastly Appendage        Tmut           0%         N/A       63%         1
 Wereblood                Tmut           0%         N/A       77%         2
 Spider Form              Tmut/Pois      0%         N/A       94%         3
 Iskenderun's Battlesphe  Conj           0%         2d6       100%        5
 Iron Shot                Conj/Erth      0%         9d1       100%        6
 Spellforged Servitor     Conj/Summ      Unusable   N/A       N/A         7

Dungeon Overview and Level Annotations

Branches:
Dungeon (8/15)             Temple (1/1) D:5           Sewer (visited)
   Lair: D:8-11

Altars:
Ashenzari
Cheibriados
Dithmenos
Elyvilon
Fedhas
Gozag
Hepliaklqana
Kikubaaqudgha
Makhleb
Nemelex Xobeh
Okawaru
Qazlal
Ru
Sif Muna
Trog
Uskayaw
Vehumet
Wu Jian
Xom
Yredelemnul
Zin
The Shining One
Beogh

Shops:
D:3 (   D:7 !


Message History

You feel limber!
You feel magically purged. The basilisk gazes at you.
You are slowing down.
You feel limber!
You feel magically purged. The basilisk bites you!
* * * LOW HITPOINT WARNING * * *
You block the basilisk's attack.
You closely miss the basilisk.
The basilisk is moderately wounded.
The basilisk bites you but does no damage.
You closely miss the basilisk.
The basilisk is moderately wounded.
The basilisk gazes at you.
You are slowing down.
You slash the basilisk!
The basilisk is almost dead.
The basilisk bites you.
* * * LOW HITPOINT WARNING * * *
Your limbs are stiffening.
Unknown command.
You barely miss the basilisk.
The basilisk is almost dead.
The basilisk bites you!
* * * LOW HITPOINT WARNING * * *
The basilisk gazes at you. You resist with some effort.
You have turned to stone.
The basilisk bites you.
* * * LOW HITPOINT WARNING * * *
The basilisk gazes at you. You resist with some effort.
The basilisk bites you but does no damage.
The basilisk bites you!
* * * LOW HITPOINT WARNING * * *
The basilisk gazes at you. x2
You resist with some effort. The basilisk bites you.
* * * LOW HITPOINT WARNING * * *
The basilisk bites you!
You die...

..# #...# ###.#
#.# #.# #.# #.#
.#### #.#
......#########.#
#...l@......#
.....#.##########
... ... . .....
.P♣.... ....P.P
P..♣.♣.


..PPlPP You could see a basilisk.

Vanquished Creatures
  Pikel (D:6)
  A wyvern (D:8)
  A yak (D:6)
  A steam dragon (D:7)
  2 water moccasins
  A sky beast (D:7)
  A black bear (D:7)
  2 ice beasts
  A centaur (D:5)
  An ogre (D:7)
  2 lemures (D:6)
  A phantom (D:5)
  2 kobold brigands (D:6)
  A necrophage (D:6)
  A gnoll sergeant (D:6)
  A scorpion (D:5)
  5 wights (D:8)
  4 killer bees (D:7)
  A howler monkey (D:8)
  6 hounds
  A jelly (D:4)
  6 orc priests
  2 iguanas (D:6)
  An orc wizard (D:7)
  9 gnolls
  5 river rats
  12 adders
  A white imp (D:6)
  3 ufetubi
  2 worms
  2 dart slugs
  11 orcs
  4 bats (D:1)
  4 endoplasms
  3 giant cockroaches (D:2)
  33 goblins
  29 hobgoblins
  10 jackals
  15 kobolds
  3 quokkas
  9 ball pythons
  5 frilled lizards
  13 rats
219 creatures vanquished.

Notes
Turn   | Place    | Note
-------+----------+-------------------------------------------
     0 | D:1      | Hopman the Hill Orc Fighter began the quest for the Orb.
     0 | D:1      | Reached XP level 1. HP: 19/19 MP: 1/1
    78 | D:1      | Reached XP level 2. HP: 26/27 MP: 2/2
   538 | D:2      | Reached XP level 3. HP: 31/33 MP: 3/3
  1041 | D:3      | Found a glowing drain.
  1050 | D:3      | Reached XP level 4. HP: 34/40 MP: 4/4
  1062 | Sewer    | Entered a sewer
  1237 | Sewer    | Reached skill level 1 in Throwing
  1237 | Sewer    | Reached XP level 5. HP: 35/47 MP: 5/5
  1718 | D:3      | Found Domoofueh's Weapon Shop.
  2215 | D:4      | Reached skill level 5 in Fighting
  2215 | D:4      | Reached XP level 6. HP: 42/56 MP: 6/6
  2551 | D:4      | Reached skill level 5 in Axes
  2880 | D:5      | Entered Level 5 of the Dungeon
  2910 | D:5      | Noticed an ice beast
  2917 | D:4      | Killed an ice beast
  2918 | D:4      | Reached XP level 7. HP: 62/62 MP: 7/7
  3164 | D:5      | Found a staircase to the Ecumenical Temple.
  3175 | Temple   | Entered the Ecumenical Temple
  3228 | Temple   | Became a worshipper of Warmaster Okawaru
  3679 | D:5      | Reached skill level 5 in Armour
  3679 | D:5      | Reached XP level 8. HP: 36/71 MP: 8/8
  3943 | D:5      | Reached skill level 5 in Shields
  4730 | D:6      | Reached skill level 1 in Invocations
  4939 | D:6      | Noticed Pikel
  4953 | D:6      | Killed Pikel
  4953 | D:6      | Reached * piety under Okawaru
  4953 | D:6      | Reached ** piety under Okawaru
  5043 | D:6      | Noticed a yak
  5056 | D:6      | Reached XP level 9. HP: 59/81 MP: 9/11
  5079 | D:6      | Reached *** piety under Okawaru
  5759 | D:7      | Found Pozan's Distillery.
  5763 | D:7      | Bought a potion of invisibility for 96 gold pieces
  5763 | D:7      | Bought a potion of might for 48 gold pieces
  5900 | D:7      | HP: 4/82 [poisoned by a killer bee]
  5905 | D:7      | HP: 2/82 [poisoned by a killer bee]
  6230 | D:7      | Found a roughly hewn altar of Beogh.
  6401 | D:7      | Found a hide-covered altar of Uskayaw.
  6436 | D:7      | Received a gift from Okawaru
  6553 | D:7      | Reached **** piety under Okawaru
  6877 | D:7      | Found an opulent altar of Gozag.
  7436 | D:8      | Reached XP level 10. HP: 45/87 MP: 13/13
  7460 | D:8      | HP: 2/90 [basilisk (5)]
  7464 | D:8      | Slain by a basilisk

Illustrated notes

Levels and vault maps discovered:
D:1:      minmay_arrival_radiant_lines, layout_basic, kennysheep_minor_cross
D:2:      layout_rooms
D:3:      layout_basic, serial_shops, nicolae_shop_competitors_out_of_business,
          portal_sewer_entry_a
D:4:      layout_rooms
D:5:      minmay_goblin_kobold_castle, layout_basic,
          minmay_temple_entry_sparse_star, grunt_ministairs_2,
          dk_rats_in_the_wall
D:6:      layout_loops_ring, minmay_manual_mail, uniq_pikel
D:7:      layout_loops_ring, mainiacjoe_overflow_swirl, serial_shops, shop,
          hangedman_decor_opposing, david_defended_altar_orc
D:8:      minmay_chambers_of_sevens, layout_loops_ring, minmay_lair_entry_grove,
          kennysheep_nondescript, kb_rosetta
Temple:   mainiacjoe_temple_big_plus

Skill      XL: |  1  2  3  4  5  6  7  8  9 |
---------------+----------------------------+-----
Axes           | 3 4 5 6 8 9 |  9.7
Fighting       | 4 5 6 7 9 |  9.4
Shields        | 4 5 6 |  6.4
Throwing       | 1 2 3 4 |  4.2
Armour         | 4 5 6 |  6.5
Invocations    | 2 4 |  4.6

Action                   |  1- 3 |  4- 6 |  7- 9 | 10-12 || total
-------------------------+-------+-------+-------+-------++-------
Melee: War axe           |    82 |   146 |   364 |    19 ||   611
Throw: Stone             |     7 |     8 |    21 |       ||    36
Invok: Heroism           |       |       |     1 |       ||     1
  Use: Scroll            |       |    11 |     7 |       ||    18
       Potion            |       |     1 |     9 |     2 ||    12
 Stab: Invisible         |       |       |     1 |       ||     1
Armor: Scale mail        |    38 |    64 |   223 |     6 ||   331
Dodge: Dodged            |    40 |    76 |   201 |     6 ||   323
Block: Buckler           |    20 |    24 |    99 |     3 ||   146

Table legend: (Time is in decaauts)
 A = Elapsed time spent in this place.
 B = Non-inter-level travel time spent in this place.
 C = Inter-level travel time spent in this place.
 D = Time resting spent in this place.
 E = Time spent auto-exploring this place.
 F = Levels seen in this place.
 G = Mean time per level.
                   A        B        C        D        E       F      G
               +--------+--------+--------+--------+--------+-----+--------+
         Total |   7600 |   7324 |    276 |   1043 |   4499 |  10 |  760.0 |
       Dungeon |   6725 |   6481 |    244 |    963 |   3921 |   8 |  840.6 |
        Temple |    421 |    389 |     32 |      0 |    372 |   1 |  421.0 |
         Sewer |    453 |    453 |      0 |     80 |    206 |   1 |  453.0 |
               +--------+--------+--------+--------+--------+-----+--------+

Top non-repeatable levels by time:
     D:5: 1354 daAuts
     D:6: 1242 daAuts
     D:7: 1137 daAuts
     D:3: 865 daAuts
     D:4: 755 daAuts
     D:1: 551 daAuts
   Sewer: 453 daAuts
  Temple: 421 daAuts
     D:2: 413 daAuts
     D:8: 405 daAuts
